 Dungeon Crawl Stone Soup version 0.25-a0-98-g0cf78c2 (webtiles) character file.

Game seed: 7064326548881544135, levelgen mode: deterministic

235 Spazmo the Magician (level 5, -1/28 HPs)
             Began as a Deep Elf Fire Elementalist on Nov 13, 2019.
             Slain by a goblin
             ... wielding a +0 club
              (7 damage)
             ... on level 3 of the Dungeon.
             The game lasted 00:04:50 (1739 turns).

Spazmo the Magician (Deep Elf Fire Elementalist)    Turns: 1739, Time: 00:04:51

Health: -1/28      AC:  2    Str:  5    XL:     5   Next: 76%
Magic:  9/23       EV: 13    Int: 21    God:
Gold:   134        SH:  0    Dex: 15    Spells: 4/14 levels left

rFire    . . .     SeeInvis .   i - +0 dagger
rCold    + . .     Gourm    .   (no shield)
rNeg     . . .     Faith    .   a - +0 robe
rPois    .         Spirit   .   (no helmet)
rElec    .         Reflect  .   (no cloak)
rCorr    .         Harm     .   (no gloves)
MR       .....                  (no boots)
Stlth    ++........             (no amulet)
HPRegen  0.09/turn              g - ring of magical power
MPRegen  0.18/turn              k - ring of protection from cold

@: very slightly contaminated
A: no striking features
a: no special abilities


You were on level 3 of the Dungeon.
You were hungry.

You visited 1 branch of the dungeon, and saw 3 of its levels.

You collected 134 gold pieces.

Inventory:

Hand Weapons
 i - a +0 dagger (weapon)
Missiles
 j - 138 stones (quivered)
Armour
 a - a +0 robe (worn)
Jewellery
 g - a ring of magical power (left hand)
 k - a ring of protection from cold (right hand)
Scrolls
 b - a scroll of enchant weapon {unknown}
 f - 6 scrolls of identify
 h - 3 scrolls of fear
 n - a scroll of fog {unknown}
 p - 3 scrolls of teleportation {unknown}
Potions
 d - a potion of brilliance
 e - a potion of ambrosia {unknown}
 m - 2 potions of resistance {unknown}
 o - a potion of heal wounds {unknown}
Comestibles
 c - 14 rations
 l - 15 chunks of flesh


   Skills:
 - Level 2.4 Dodging
 - Level 2.4 Stealth
 + Level 5.3 Spellcasting
 + Level 3.6 Conjurations
 + Level 4.9 Fire Magic


You had 4 spell levels left.
You knew the following spells:

 Your Spells              Type           Power        Failure   Level  Hunger
a - Flame Tongue          Conj/Fire      ###..        1%          1    None
b - Throw Flame           Conj/Fire      ###...       2%          2    None
c - Conjure Flame         Conj/Fire      ###.....     5%          3    ##.....
d - Sticky Flame          Conj/Fire      ###.....     19%         4    ####...

Your spell library contained the following spells:

 Spells                   Type           Power        Failure   Level  Hunger
 Inner Flame              Hex/Fire       ###.....     12%         3    ##.....
 Fireball                 Conj/Fire      ###.......   45%         5    #####..


Dungeon Overview and Level Annotations

Branches:
Dungeon (3/15)

Altars:


Message History

You kill the ogre!
Your Spellcasting skill increases to level 5!
The goblin closely misses you. The goblin hits you with a +0 club.
* * * LOW HITPOINT WARNING * * *
Casting: Flame Tongue (safe; 1% risk of failure)
Confirm with . or Enter, or press ? or * to list all spells.
Aiming: Flame Tongue (safe; 1% risk of failure)
Press: ? - help, Shift-Dir - straight line, f - goblin
Aim: a goblin, wielding a +0 club The flame tongue misses the goblin.
The goblin hits you with a +0 club.
* * * LOW HITPOINT WARNING * * *
Casting: Flame Tongue (safe; 1% risk of failure)
Confirm with . or Enter, or press ? or * to list all spells.
Aiming: Flame Tongue (safe; 1% risk of failure)
Press: ? - help, Shift-Dir - straight line, f/p - goblin
Aim: a goblin, wielding a +0 club The flame tongue hits the goblin.
The goblin is heavily wounded.
The goblin hits you with a +0 club!
You die...

†.##.# #....#..†#.....####.
)..#.# #....##........# ##
.#...### ###.###.÷......# #
######.## #..##.#...>..## #
##.># .##.........# # #.).####
.##.......#.# # #)#....##
.##.###...#.### #
#O##....#####....# #...#...#
####gg.#...).#gg@..### ##......#
...#%gg#.†..g.g##>## #.#....#
..÷#...#.....####.# ####.#....#
...#####....## ##.## #.........#
.....#.......###...###).......##
.....................)....[.#.#
.....#.[.....###..)###......#.#
.....##.....## #...# #......#.#
....####...## #...# #......#


You could see 4 goblins.

Vanquished Creatures
  An ogre (D:3)
  Jessica (D:2)
  An adder (D:2)
  4 gnolls (D:3)
  2 leopard geckos (D:2)
  An orc (D:3)
  A ball python (D:2)
  5 giant cockroaches
  11 goblins
  9 hobgoblins
  7 jackals
  6 bats
  3 frilled lizards
  12 kobolds
  6 rats
70 creatures vanquished.

Notes
Turn   | Place    | Note
-------+----------+-------------------------------------------
     0 | D:1      | Spazmo the Deep Elf Fire Elementalist began the quest for
                  | the Orb.
     0 | D:1      | Reached XP level 1. HP: 10/10 MP: 6/6
   259 | D:1      | Reached XP level 2. HP: 15/15 MP: 5/8
   263 | D:1      | Learned a level 2 spell: Throw Flame
   764 | D:2      | Reached XP level 3. HP: 19/19 MP: 10/10
   775 | D:2      | Learned a level 3 spell: Conjure Flame
   907 | D:2      | Noticed Jessica
   911 | D:2      | Killed Jessica
   911 | D:2      | Reached skill level 4 in Spellcasting
   911 | D:2      | Reached XP level 4. HP: 24/24 MP: 12/12
   917 | D:2      | Learned a level 4 spell: Sticky Flame
  1571 | D:3      | Reached XP level 5. HP: 10/28 MP: 9/14
  1716 | D:3      | Noticed an ogre
  1733 | D:3      | Killed an ogre
  1733 | D:3      | Reached skill level 5 in Spellcasting
  1739 | D:3      | Slain by a goblin

Levels and vault maps discovered:
D:1:      matt_arrival_refuge, layout_loops_ring, st_stairs_8
D:2:      layout_basic, uniq_jessica
D:3:      layout_rooms, zin_scriptorium, first_ration, minmay_ogre_servants

Skill      XL: |  1  2  3  4  5 |
---------------+----------------+-----
Conjurations   | 2 3 |  3.6
Spellcasting   | 4 5 |  5.3
Fire Magic     | 4 |  4.9
Dodging        | |  2.4
Stealth        | |  2.4

Action                   |  1- 3 |  4- 6 || total
-------------------------+-------+-------++-------
 Cast: Flame Tongue      |    51 |    58 ||   109
       Throw Flame       |     4 |     5 ||     9
       Sticky Flame      |       |     1 ||     1
  Use: Scroll            |     3 |     1 ||     4
  Eat: Chunk             |       |     2 ||     2
Armor: Robe              |     4 |     1 ||     5
Dodge: Dodged            |    12 |     7 ||    19

Table legend:
 A = Non-vault XP
 B = Vault XP
 C = Vault XP percentage of total XP
 D = Non-vault monster count
 E = Vault monster count
 F = Vault count percentage of total count
                 A         B        C        D         E       F
            +---------+---------+-------+---------+---------+-------
      Total |     169 |     168 |  49.9 |      63 |       7 |  10.0
            +---------+---------+-------+---------+---------+-------
        D:1 |      30 |       2 |   6.2 |      20 |       1 |   4.8
        D:2 |      40 |      37 |  48.1 |      14 |       1 |   6.7
        D:3 |      99 |     129 |  56.6 |      29 |       5 |  14.7
            +---------+---------+-------+---------+---------+-------
